 Dungeon Sprint DCSS version 0.21-a0-278-ga722497 (webtiles) character file.

339638 potatolord6000 the Conqueror (level 19, -10/207 HPs)
             Began as a Minotaur Fighter on Sept 20, 2017.
             Was an Initiate of Gozag.
             Killed from afar by an orb of fire (151 damage)
             ... with a fireball
             ... in the Dungeon (Sprint IX: "|||||||||||||||||||||||||||||") on Sept 21, 2017.
             The game lasted 00:30:46 (9438 turns).

potatolord6000 the Conqueror (Minotaur Fighter)     Turns: 9438, Time: 00:30:46

Health: -10/207    AC: 51    Str: 33    XL:     19   Next: 74%
Magic:  39/40      EV: 27    Int:  5    God:    Gozag
Gold:   2414       SH: 36    Dex: 12    Spells: 54/54 levels left

rFire    x . .     SeeInvis +   w - +8 demon blade "Bloodbane" {slice, *Rage +Rage Stlth-}
rCold    + . .     Gourm    .   l - +5 large shield {AC+3}
rNeg     . . .     Faith    .   x - +15 Maxwell's patent armour {-Cast -Tele rElec MR+ rCorr}
rPois    +         Spirit   .   f - +2 hat
rElec    +         Reflect  +   h - +1 cloak of Starlight {rElec rC+ EV+4 Stlth--}
rCorr    +         Harm     .   y - +0 pair of gloves of Moral Flaws {rF- rC- Slay+5 SInv}
MR       ++...     Rnd*Rage +   v - +2 pair of boots of the Assassin {Detection Stab+ Stlth++} Stlth +++.......NoTele +
                                E - amulet of Woxkoana {Reflect *Drain rPois rC+ SH+3 SInv}
HPRegen  0.44/turn NoCast   +   A - +2 ring of slaying
MPRegen  0.27/turn              g - +6 ring of strength

@: gold aura, berserk cooldown, hasted and slowed
A: retaliatory headbutt, horns 2
}: 5/15 runes: decaying, serpentine, barnacled, silver, gossamer
a: Potion Petition, Call Merchant, Bribe Branch, Renounce Religion, Evoke
Berserk Rage


You were in the Dungeon.
You worshipped Gozag.
Gozag was most pleased with you.
You were full.

You visited 1 branch You collected 39092 gold pieces.
You spent 10359 gold pieces at shops.
You paid 26319 gold pieces to Gozag.

Inventory:

Hand Weapons
 w - the +8 demon blade "Bloodbane" (weapon) {slice, *Rage +Rage Stlth-}
   (You bought it in a shop in the Dungeon)

   It inflicts extra damage upon your enemies.
   It lets you go berserk.
   It may make you go berserk in combat.
   It makes you less stealthy.
Armour
 f - a +2 hat (worn)
 h - the +1 cloak of Starlight (worn) {rElec rC+ EV+4 Stlth--}
   (You bought it in a shop in the Dungeon)

   It affects your evasion (+4).
   It protects you from cold.
   It insulates you from electricity.
   It makes you much less stealthy.
 l - a +5 large shield of protection (worn)
 q - the +3 warlock's mirror {reflect}
   (You bought it in a shop in the Dungeon)
 v - the +2 pair of boots of the Assassin (worn) {Detection Stab+ Stlth++}
   (You bought it in a shop in the Dungeon)

   It makes you much more stealthy.
 x - the +15 Maxwell's patent armour (worn) {-Cast -Tele rElec MR+ rCorr}
   (You bought it in a shop in the Dungeon)

   It insulates you from electricity.
   It affects your resistance to hostile enchantments.
   It prevents spellcasting.
   It prevents most forms of teleportation.
   It protects you from acid and corrosion.
 y - the +0 pair of gloves of Moral Flaws (worn) {rF- rC- Slay+5 SInv}
   (You bought it in a shop in the Dungeon)

   It affects your accuracy and damage with ranged weapons and melee attacks
   (+5).
   It makes you vulnerable to fire.
   It makes you vulnerable to cold.
   It lets you see invisible.
Jewellery
 g - a +6 ring of strength (right hand)
 A - a +2 ring of slaying (left hand)
 E - the amulet of Woxkoana (around neck) {Reflect *Drain rPois rC+ SH+3 SInv}
   (You found it in the Dungeon)

   [amulet of reflection]

   It shields you and reflects attacks.
   It protects you from cold.
   It protects you from poison.
   It lets you see invisible.
   It causes draining when unequipped.
   It affects your SH (+3).
Scrolls
 k - 8 scrolls of blinking
 m - 8 scrolls of remove curse
 n - 2 scrolls of amnesia
 r - 3 scrolls of recharging
 u - a scroll of silence {unknown}
 z - 3 scrolls of fear
 B - a scroll of identify
Potions
 a - a potion of ambrosia {unknown}
 b - 12 potions of heal wounds
 c - a potion of brilliance
 e - 8 potions of curing
 i - 4 potions of magic
 j - 5 potions of berserk rage
 o - 2 potions of might
 C - 4 potions of haste
Comestibles
 d - 40 fruits
 s - 12 bread rations
 t - 7 meat rations


   Skills:
 O Level 27 Fighting
 O Level 27 Long Blades
   Level 14.9 Axes
 O Level 27 Armour
 O Level 27 Dodging
 + Level 22.2 Stealth
 O Level 27 Shields
 + Level 18.0 Spellcasting
 + Level 22.2 Evocations


You had 54 spell levels left.
You didn't know any spells.

Dungeon Overview and Level Annotations

Branches:
Dungeon (1/1)

Altars:
Cheibriados
Dithmenos
Elyvilon
Fedhas
Gozag
Hepliaklqana
Kikubaaqudgha
Makhleb
Nemelex Xobeh
Okawaru
Qazlal
Ru
Sif Muna
Trog
Uskayaw
Vehumet
Wu Jian
Xom
Yredelemnul
Zin
The Shining One
Beogh
Jiyva
Lugonu

Shops:
D [**=??![[*(=}%![(=


Innate Abilities, Weirdness & Mutations

You reflexively headbutt those who attack you in melee.
You have a pair of horns on your head.


Message History

Unknown command.
You cut the orb of fire into ribbons!!!
You destroy the orb of fire!
Your Stealth skill increases to level 22!
Your Spellcasting skill increases to level 18!
Your Evocations skill increases to level 22!
Unknown command.
You miss the orb of fire.
The white draconian is distracted by the nearby gold.
The green draconian shifter is distracted by the nearby gold.
You closely miss the orb of fire.
The green draconian shifter roars!
The white draconian roars!
Your headbutt misses the orb of fire.
The white draconian is no longer distracted by gold.
The death cob is no longer distracted by gold.
The orb of fire glows bright magenta.
The fireball explodes!
The fireball engulfs you! The fire burns you terribly!
Ouch! That really hurt!
You die...
Your body crumbles into a pile of gold.

{
▓'▓.▓.▓.▓[▓.▓.▓.▓)
{
▓.▓.▓)▓.▓[▓.▓.▓.▓.
{
▓$▓.▓.▓.▓[▓.▓.▓)♣'
{
▓$▓.▓.▓.▓[▓.▓'▓.♣.
{
▓$▓.▓)▓.▓.▓.▓.▓.♣.
{
▓$▓.▓.▓.▓.▓.▓[▓.♣.
{
▓q▓.▓)▓.▓.▓.▓.▓.♣.
{
▓*▓.▓.▓.▓.▓.▓[▓.♣.
{
▓@▓.▓)▓.▓.▓.▓)▓.♣.
▓$▓.▓.▓.▓!▓.▓)▓.♣∩
{
▓d▓.▓)▓.▓.▓.▓.▓.♣.
{
▓z▓.▓.▓.▓.▓.▓(▓.♣.
{
▓D▓.▓)▓.▓.▓.▓.▓.♣(
▓y▓.▓.▓.▓.▓.▓(▓.♣.
▓.▓.▓.▓.▓.▓.▓[▓.♣.
▓.▓.▓.▓.▓.▓.▓[▓.♣.
{▓.▓.▓.▓.▓.▓.▓.▓(


You could see an orb of fire, a golden dragon, a white draconian, a green
draconian shifter, a death cob and a moth of wrath.

Vanquished Creatures
  2 orbs of fire (D)
  3 ancient liches (D)
  Sojobo (D)
  Boris (D)
  Xtahua (D)
  Saint Roka (D)
  6 golden dragons (D)
  Margery (D)
  A caustic shrike (D)
  Jory (D)
  A lich (D)
  An electric golem (D)
  9 tentacled monstrosities (D)
  14 Orb Guardians (D)
  3 quicksilver dragons (D)
  2 death cobs (D)
  6 tengu reavers (D)
  7 shadow dragons (D)
  Gastronok (D)
  2 draconian monks (D)
  9 storm dragons (D)
  2 fire giants (D)
  Ilsuiw (D)
  6 nagarajas (D)
  2 draconian knights (D)
  An emperor scorpion (shapeshifter) (D)
  A vault warden (D)
  Aizul (D)
  A draconian scorcher (D)
  5 emperor scorpions (D)
  3 ghost moths (D)
  2 draconian annihilators (D)
  3 war gargoyles (D)
  A draconian stormcaller (D)
  6 stone giants (D)
  2 very ugly things (D)
  3 green draconians (D)
  4 entropy weavers (D)
  4 yellow draconians (D)
  3 white draconians (D)
  3 red draconians (D)
  An ettin (D)
  5 merfolk javelineers (D)
  Snorg (D)
  A great orb of eyes (D)
  2 fire dragons (D)
  2 merfolk impalers (D)
  4 yaktaur captains (D)
  A rakshasa (D)
  3 ice dragons (D)
  3 naga warriors (D)
  3 centaur warriors (D)
  10 hydras (D)
  3 merfolk aquamancers (D)
  25 vault guards (D)
  2 tengu warriors (D)
  A merfolk avatar (D)
  2 ogre magi (D)
  A death knight (D)
  2 alligators (D)
  A deep troll shaman (D)
  A shock serpent (D)
  2 spriggan berserkers (D)
  3 orc high priests (D)
  Nergalle (D)
  A deep elf knight (D)
  3 hell knights (D)
  2 sea snakes (D)
  A wizard (D)
  A deep troll (D)
  A flayed ghost (D)
  7 swamp dragons (D)
  A naga ritualist (D)
  2 lindwurms (D)
  14 orc knights (D)
  2 harpies (D)
  3 necromancers (D)
  2 wolf spiders (D)
  An ugly thing (D)
  An orc sorcerer (D)
  2 manticores (D)
  An orb spider (D)
  8 moths of wrath (D)
  3 cyclopes (D)
  3 naga magi (D)
  3 vault sentinels (D)
  A guardian serpent (D)
  A merfolk siren (D)
  3 black mambas (D)
  Psyche (D)
  5 spiny frogs (D)
  A demonic crawler (D)
  A gargoyle (D)
  A yaktaur (shapeshifter) (D)
  A rime drake (shapeshifter) (D)
  A tengu conjurer (D)
  2 freezing wraiths (D)
  2 yaktaurs (D)
  3 jumping spiders (D)
  A merfolk (shapeshifter) (D)
  2 merfolk (D)
  3 hornets (D)
  2 slime creatures (D)
  A tyrant leech (D)
  2 hippogriffs (D)
  A hippogriff (shapeshifter) (D)
  A snapping turtle (D)
  3 tarantellas (D)
  A spriggan (D)
  A yak (D)
  3 wyverns (D)
  A vampire mosquito (D)
  4 nagas (D)
  An insubstantial wisp (D)
  3 water moccasins (D)
  6 porcupines (D)
  A floating eye (D)
  11 orc warriors (D)
  2 sky beasts (D)
  A boggart (D)
  2 eyes of draining (D)
  A wolf (D)
  An ogre (D)
  2 centaurs (D)
  2 bullfrogs (D)
  A scorpion (D)
  A wight (D)
  A crimson imp (D)
  3 orc priests (D)
  A hound (D)
  5 orc wizards (D)
  An adder (D)
  5 worms (D)
  3 leopard geckos (D)
  10 orcs (D)
  A hobgoblin (D)
  A kobold (D)
  2 rats (D)
386 creatures vanquished.

Vanquished Creatures (others)
  An ogre mage (D)
  An orc (D)
2 creatures vanquished.

Grand Total: 388 creatures vanquished

Notes
Turn   | Place    | Note
-------+----------+-------------------------------------------
     0 | D        | potatolord6000 the Minotaur Fighter began the quest for the Orb.
     0 | D        | Reached XP level 1. HP: 19/19 MP: 0/0
    45 | D        | Noticed a hound
    45 | D        | Noticed a centaur
    51 | D        | Killed a hound
    51 | D        | Reached skill level 5 in Fighting
    51 | D        | Reached skill level 5 in Armour
    51 | D        | Reached skill level 5 in Shields
    51 | D        | Reached XP level 2. HP: 13/29 MP: 1/1
    51 | D        | Reached XP level 3. HP: 17/36 MP: 2/2
    66 | D        | Killed a centaur
    66 | D        | Reached XP level 4. HP: 19/45 MP: 3/3
    73 | D        | Found a roughly hewn altar of Beogh.
    73 | D        | Found a snail-covered altar of Cheibriados.
    73 | D        | Found a shadowy altar of Dithmenos.
    73 | D        | Found a white marble altar of Elyvilon.
    73 | D        | Found a blossoming altar of Fedhas.
    73 | D        | Found an opulent altar of Gozag.
    74 | D        | Found a hazy altar of Hepliaklqana.
    75 | D        | Found a viscous altar of Jiyva.
    76 | D        | Found an ancient bone altar of Kikubaaqudgha.
    77 | D        | Found a corrupted altar of Lugonu.
    78 | D        | Found a burning altar of Makhleb.
    79 | D        | Found a sparkling altar of Nemelex Xobeh.
    80 | D        | Found an iron altar of Okawaru.
    81 | D        | Found a stormy altar of Qazlal.
    82 | D        | Found a sacrificial altar of Ru.
    83 | D        | Found a deep blue altar of Sif Muna.
    89 | D        | Became a worshipper of Gozag Ym Sagoz the Greedy
    95 | D        | Found a bloodstained altar of Trog.
    96 | D        | Found a hide-covered altar of Uskayaw.
    97 | D        | Found a radiant altar of Vehumet.
    98 | D        | Found an ornate altar of the Wu Jian Council.
    99 | D        | Found a shimmering altar of Xom.
   100 | D        | Found a basalt altar of Yredelemnul.
   101 | D        | Found a glowing silver altar of Zin.
   102 | D        | Found a glowing golden altar of the Shining One.
   273 | D        | Noticed a sky beast
   273 | D        | Noticed an ogre
   277 | D        | Reached XP level 5. HP: 38/52 MP: 4/4
   286 | D        | Killed a sky beast
   286 | D        | Reached XP level 6. HP: 47/62 MP: 5/5
   361 | D        | Noticed a centaur warrior
   361 | D        | Noticed a yak
   361 | D        | Noticed a wyvern
   361 | D        | Noticed a gargoyle
   367 | D        | Killed a centaur warrior
   367 | D        | Reached skill level 10 in Axes
   367 | D        | Reached XP level 7. HP: 30/74 MP: 0/6
   367 | D        | Reached XP level 8. HP: 33/82 MP: 0/7
   395 | D        | HP: 1/83 [gargoyle/stone arrow (28)]
   397 | D        | Killed a gargoyle
   751 | D        | Bought a +3 amulet of reflection for 219 gold pieces
   861 | D        | Noticed a hippogriff
   875 | D        | Reached XP level 9. HP: 23/91 MP: 8/8
   881 | D        | Noticed a spiny frog
   896 | D        | Killed a spiny frog
   917 | D        | Noticed a spiny frog
   921 | D        | Noticed a spiny frog
   924 | D        | Noticed a spiny frog
   937 | D        | Killed a spiny frog
   939 | D        | Reached XP level 10. HP: 35/102 MP: 9/9
   945 | D        | Killed a spiny frog
   949 | D        | Killed a spiny frog
  1310 | D        | Noticed a lindwurm
  1319 | D        | Killed a lindwurm
  1326 | D        | Noticed a lindwurm
  1351 | D        | Killed a lindwurm
  1656 | D        | Noticed Psyche
  1664 | D        | Killed Psyche
  1664 | D        | Reached skill level 15 in Shields
  1753 | D        | Reached skill level 15 in Fighting
  1753 | D        | Reached skill level 15 in Armour
  2022 | D        | Bought the +8 demon blade "Bloodbane" {slice, *Rage +Rage Stlth-} for 1737 gold pieces
  2022 | D        | Found the +8 demon blade "Bloodbane" {slice, *Rage +Rage Stlth-}
  2258 | D        | Noticed an orc knight
  2262 | D        | Reached skill level 1 in Long Blades
  2267 | D        | Noticed an orc sorcerer
  2283 | D        | Killed an orc knight
  2303 | D        | Killed an orc sorcerer
  2303 | D        | Reached skill level 5 in Long Blades
  2310 | D        | Reached XP level 11. HP: 71/113 MP: 10/10
  2486 | D        | Found Dudy's Jewellery Emporium.
  2486 | D        | Noticed an orc knight
  2486 | D        | Noticed an orc knight
  2486 | D        | Noticed an orc high priest
  2486 | D        | Noticed an orc high priest
  2486 | D        | Noticed an orc knight
  2487 | D        | Noticed an orc knight
  2489 | D        | Killed an orc knight
  2490 | D        | Noticed an orc knight
  2498 | D        | Killed an orc knight
  2499 | D        | Found Feel's Gadget Shoppe.
  2499 | D        | Noticed an orc knight
  2505 | D        | Killed an orc high priest
  2510 | D        | Noticed an orc knight
  2511 | D        | Noticed an orc high priest
  2517 | D        | Killed an orc high priest
  2518 | D        | Found Akko's Food Emporium.
  2526 | D        | Killed an orc knight
  2533 | D        | HP: 4/114 [orc knight/battleaxe (34)]
  2535 | D        | Noticed a sixfirhy
  2535 | D        | Killed an orc knight
  2535 | D        | Reached skill level 10 in Long Blades
  2539 | D        | Killed an orc knight
  2540 | D        | Noticed an orc knight
  2542 | D        | Killed an orc knight
  2543 | D        | Found Weffaijytt's Distillery.
  2546 | D        | Killed an orc knight
  2551 | D        | Killed an orc high priest
  2554 | D        | Noticed an orc knight
  2557 | D        | Killed an orc knight
  2558 | D        | Noticed an orc knight
  2567 | D        | Killed an orc knight
  2570 | D        | Killed an orc knight
  2632 | D        | Bought a +6 ring of strength for 702 gold pieces
  2961 | D        | Noticed Gastronok
  2972 | D        | Killed Gastronok
  2972 | D        | Reached XP level 12. HP: 111/125 MP: 11/11
  3083 | D        | Noticed a death knight
  3083 | D        | Noticed a four-headed hydra
  3090 | D        | Killed a death knight
  3092 | D        | Noticed a stone giant
  3098 | D        | Killed a nine-headed hydra
  3110 | D        | Noticed a centaur warrior
  3110 | D        | Killed a stone giant
  3112 | D        | Noticed a tengu warrior
  3117 | D        | Noticed a tengu warrior
  3124 | D        | Killed a centaur warrior
  3129 | D        | Killed a tengu warrior
  3134 | D        | Killed a tengu warrior
  3293 | D        | Bought the +1 cloak of Starlight {rElec rC+ EV+4 Stlth--} for 667 gold pieces
  3293 | D        | Found the +1 cloak of Starlight {rElec rC+ EV+4 Stlth--}
  3293 | D        | Bought a +3 plate armour of magic resistance for 675 gold pieces
  3509 | D        | Noticed Saint Roka
  3545 | D        | Killed Saint Roka
  3545 | D        | Reached skill level 15 in Long Blades
  3818 | D        | Noticed an entropy weaver
  3818 | D        | Noticed an entropy weaver
  3818 | D        | Noticed an entropy weaver
  3826 | D        | Killed an entropy weaver
  3831 | D        | Killed an entropy weaver
  3831 | D        | Reached XP level 13. HP: 137/137 MP: 12/12
  3834 | D        | Killed an entropy weaver
  4198 | D        | Bought a potion of heal wounds for 180 gold pieces
  4198 | D        | Bought a potion of heal wounds for 180 gold pieces
  4198 | D        | Bought a pair of glowing gloves for 270 gold pieces
  4198 | D        | Bought a potion of might for 144 gold pieces
  4215 | D        | Reached skill level 1 in Dodging
  4316 | D        | Reached skill level 5 in Dodging
  4541 | D        | Noticed Snorg
  4554 | D        | Killed Snorg
  4598 | D        | Noticed a stone giant
  4598 | D        | Noticed an ettin
  4598 | D        | Noticed a fire giant
  4598 | D        | Noticed a fire dragon
  4600 | D        | Paralysed by a floating eye for 4 turns
  4603 | D        | Noticed a brown very ugly thing
  4606 | D        | Killed a stone giant
  4610 | D        | Killed a fire giant
  4616 | D        | Killed an ettin
  4617 | D        | Paralysed by a floating eye for 2 turns
  4623 | D        | Killed a brown very ugly thing
  4628 | D        | Reached XP level 14. HP: 138/151 MP: 13/13
  4635 | D        | Noticed a tengu reaver
  4642 | D        | Noticed a stone giant
  4663 | D        | Killed a tengu reaver
  4692 | D        | Killed a stone giant
  4764 | D        | Bought the +3 warlock's mirror {reflect} for 840 gold pieces
  4764 | D        | Found the +3 warlock's mirror {reflect}
  4764 | D        | Bought the +2 pair of boots of the Assassin {Detection Stab+ Stlth++} for 1260 gold pieces
  4764 | D        | Found the +2 pair of boots of the Assassin {Detection Stab+ Stlth++}
  4764 | D        | Bought a pair of spiked gloves for 199 gold pieces
  4809 | D        | Identified the +0 pair of gloves of Moral Flaws {rF- rC- Slay+5 SInv} (You bought it in a shop in the Dungeon)
  4956 | D        | Reached skill level 10 in Dodging
  4966 | D        | Noticed a vault warden
  4975 | D        | Noticed a stone giant
  4981 | D        | Killed a vault warden
  4993 | D        | Noticed a tengu reaver
  4996 | D        | Noticed a stone giant
  5001 | D        | Killed a stone giant
  5016 | D        | Killed a tengu reaver
  5017 | D        | Killed a stone giant
  5135 | D        | Noticed Xtahua
  5136 | D        | Noticed Boris
  5143 | D        | Killed Xtahua
  5156 | D        | Killed Boris
  5156 | D        | Reached XP level 15. HP: 52/163 MP: 14/14
  5459 | D        | Noticed Margery
  5481 | D        | Killed Margery
  5743 | D        | Noticed a ghost moth
  5764 | D        | Killed a ghost moth
  5793 | D        | Got a gossamer rune of Zot
  5857 | D        | Noticed a nagaraja
  5857 | D        | Noticed a nagaraja
  5857 | D        | Noticed a nagaraja
  5858 | D        | Noticed a nagaraja
  5862 | D        | Killed a nagaraja
  5863 | D        | Noticed a nagaraja
  5865 | D        | Killed a nagaraja
  5868 | D        | Killed a nagaraja
  5870 | D        | Noticed a nagaraja
  5872 | D        | Reached skill level 15 in Dodging
  5876 | D        | Killed a nagaraja
  5887 | D        | Killed a nagaraja
  5890 | D        | Killed a nagaraja
  5918 | D        | Got a serpentine rune of Zot
  5936 | D        | Bought a scroll of acquirement for 676 gold pieces
  5937 | D        | Got a faintly glowing tin ring
  5938 | D        | Identified the ring "Jaci" {rPois rN+ Dex+3} (You acquired it in the Dungeon)
  6337 | D        | Got a decaying rune of Zot
  6600 | D        | Noticed Ilsuiw
  6615 | D        | Reached XP level 16. HP: 157/178 MP: 15/15
  6626 | D        | Killed Ilsuiw
  6671 | D        | Got a barnacled rune of Zot
  6701 | D        | Bought a potion of heal wounds for 95 gold pieces
  6701 | D        | Bought a potion of heal wounds for 95 gold pieces
  6701 | D        | Bought a potion of heal wounds for 95 gold pieces
  6701 | D        | Bought a potion of heal wounds for 95 gold pieces
  6701 | D        | Bought a potion of heal wounds for 95 gold pieces
  6701 | D        | Bought a potion of heal wounds for 95 gold pieces
  6788 | D        | Noticed Aizul
  6797 | D        | Killed Aizul
  6801 | D        | Noticed Jory
  6819 | D        | Killed Jory
  6827 | D        | Noticed Sojobo
  6846 | D        | Killed Sojobo
  7303 | D        | Noticed a storm dragon
  7303 | D        | Noticed a tentacled monstrosity
  7306 | D        | Killed a storm dragon
  7306 | D        | Reached skill level 27 in Fighting
  7306 | D        | Reached skill level 27 in Armour
  7306 | D        | Reached skill level 27 in Shields
  7324 | D        | Noticed a storm dragon
  7324 | D        | an entropy weaver changed into a storm dragon
  7325 | D        | Noticed a lich
  7325 | D        | a storm dragon changed into an emperor scorpion
  7328 | D        | Killed a tentacled monstrosity
  7329 | D        | Noticed a tengu reaver
  7337 | D        | Noticed a shadow dragon
  7344 | D        | Reached XP level 17. HP: 126/191 MP: 16/16
  7347 | D        | Killed a lich
  7368 | D        | Reached skill level 27 in Long Blades
  7539 | D        | Noticed a golden dragon
  7540 | D        | Noticed a golden dragon
  7543 | D        | Noticed a quicksilver dragon
  7559 | D        | Killed a golden dragon
  7576 | D        | Killed a golden dragon
  7592 | D        | Killed a quicksilver dragon
  7601 | D        | Got a silver rune of Zot
  7605 | D        | Got a transparent silver ring
  7864 | D        | Noticed Nergalle
  7869 | D        | Killed Nergalle
  7916 | D        | Got the amulet "Rukoxzoe" {Faith rPois Int+6 Dex-2 Stlth+}
  7918 | D        | Got the amulet of Woxkoana {Reflect *Drain rPois rC+ SH+3 SInv}
  7920 | D        | Got the amulet "Ficointo" {Faith rElec rPois rC- rN+}
  7922 | D        | Found the +6 shillelagh "Devastator" {shatter}
  7922 | D        | Got the ring of Hibuo {rElec Str+3 Dex+4 Slay-6 Stlth+}
  7924 | D        | Got the amulet "Lesiuju" {rF+ Regen+}
  8101 | D        | Noticed a caustic shrike
  8108 | D        | Killed a caustic shrike
  8108 | D        | Reached skill level 27 in Dodging
  8108 | D        | Reached skill level 1 in Stealth
  8108 | D        | Reached skill level 1 in Evocations
  8114 | D        | Reached skill level 1 in Spellcasting
  8141 | D        | Reached skill level 5 in Stealth
  8141 | D        | Reached skill level 5 in Evocations
  8293 | D        | Noticed a golden dragon
  8308 | D        | Reached skill level 5 in Spellcasting
  8312 | D        | Killed a golden dragon
  8356 | D        | Reached skill level 10 in Stealth
  8356 | D        | Reached skill level 10 in Evocations
  8599 | D        | Noticed a quicksilver dragon
  8599 | D        | Noticed a tentacled monstrosity
  8614 | D        | Killed a tentacled monstrosity
  8614 | D        | Reached XP level 18. HP: 191/200 MP: 17/29
  8634 | D        | Noticed a tentacled monstrosity
  8639 | D        | Killed a tentacled monstrosity
  8656 | D        | Reached skill level 10 in Spellcasting
  8704 | D        | Noticed a tentacled monstrosity
  8704 | D        | Noticed a tentacled monstrosity
  8709 | D        | Killed a tentacled monstrosity
  8719 | D        | Killed a tentacled monstrosity
  8786 | D        | Noticed a golden dragon
  8796 | D        | Reached skill level 15 in Stealth
  8796 | D        | Reached skill level 15 in Evocations
  8802 | D        | Killed a golden dragon
  9030 | D        | Noticed an Orb Guardian
  9030 | D        | Noticed an Orb Guardian
  9030 | D        | Noticed an Orb Guardian
  9030 | D        | Noticed an Orb Guardian
  9030 | D        | Noticed an Orb Guardian
  9030 | D        | Noticed an Orb Guardian
  9034 | D        | Killed an Orb Guardian
  9037 | D        | Killed an Orb Guardian
  9042 | D        | Killed an Orb Guardian
  9047 | D        | Killed an Orb Guardian
  9048 | D        | Noticed an Orb Guardian
  9051 | D        | Killed an Orb Guardian
  9054 | D        | Killed an Orb Guardian
  9055 | D        | Noticed an Orb Guardian
  9056 | D        | Noticed an Orb Guardian
  9059 | D        | Killed an Orb Guardian
  9060 | D        | Noticed an Orb Guardian
  9061 | D        | Killed an Orb Guardian
  9069 | D        | Killed an Orb Guardian
  9072 | D        | Killed an Orb Guardian
  9103 | D        | Bought the +15 Maxwell's patent armour {-Cast -Tele rElec MR+ rCorr} for 2040 gold pieces
  9103 | D        | Found the +15 Maxwell's patent armour {-Cast -Tele rElec MR+ rCorr}
  9119 | D        | Noticed a tentacled monstrosity
  9119 | D        | Noticed a tentacled monstrosity
  9119 | D        | Noticed an Orb Guardian
  9119 | D        | Noticed an Orb Guardian
  9123 | D        | Killed a tentacled monstrosity
  9124 | D        | Noticed an Orb Guardian
  9127 | D        | Killed a tentacled monstrosity
  9128 | D        | Noticed an Orb Guardian
  9131 | D        | Killed an Orb Guardian
  9131 | D        | Reached XP level 19. HP: 207/207 MP: 36/36
  9143 | D        | Reached skill level 15 in Spellcasting
  9183 | D        | Noticed an ancient lich
  9188 | D        | Killed an ancient lich
  9192 | D        | Noticed an orb of fire
  9195 | D        | Killed an orb of fire
  9199 | D        | Noticed an electric golem
  9207 | D        | Killed an electric golem
  9378 | D        | Noticed an ancient lich
  9378 | D        | Noticed a golden dragon
  9380 | D        | Noticed an ancient lich
  9396 | D        | Noticed a golden dragon
  9403 | D        | Killed an ancient lich
  9409 | D        | Killed a golden dragon
  9410 | D        | Noticed an orb of fire
  9420 | D        | Noticed an orb of fire
  9423 | D        | Killed an ancient lich
  9425 | D        | Noticed a golden dragon
  9430 | D        | Killed a golden dragon
  9436 | D        | Killed an orb of fire
  9438 | D        | Killed from afar by an orb of fire

Vault maps used:
D:        linesprint

Skill      XL: |  1  2  3  4  5  6  7  8  9 10 11 12 13 14 15 16 17 18 19 |
---------------+----------------------------------------------------------+-----
Axes           | 4 6 8 10 12 13 14 | 14.9
Fighting       | 5 6 7 8 11 12 13 15 17 19 21 23 25 27 | 27.0
Armour         | 5 6 7 8 11 12 13 15 17 19 21 23 25 27 | 27.0
Shields        | 5 6 7 9 11 12 14 15 17 19 21 23 25 27 | 27.0
Long Blades    | 6 12 15 18 20 22 26 27 | 27.0
Dodging        | 7 12 16 20 27 | 27.0
Stealth        | 10 18 22 | 22.2
Evocations     | 10 18 22 | 22.2
Spellcasting   | 8 14 18 | 18.0

Action                   |  1- 3 |  4- 6 |  7- 9 | 10-12 | 13-15 | 16-18 | 19-21 || total
-------------------------+-------+-------+-------+-------+-------+-------+-------++-------
Melee: War axe           |    34 |       |       |       |       |       |       ||    34
       Headbutt          |     3 |       |    13 |    74 |   151 |   172 |    29 ||   442
       Broad axe         |       |    17 |    77 |    67 |       |       |       ||   161
       Demon blade       |       |       |       |   211 |   466 |   512 |    88 ||  1277
Invok: Call Merchant     |       |       |     1 |     2 |     6 |     5 |       ||    14
       Potion Petition   |       |       |       |     4 |     1 |     1 |       ||     6
  Use: Scroll            |       |       |     2 |     2 |     2 |     2 |       ||     8
       Potion            |       |       |     3 |     8 |     7 |     3 |     1 ||    22
 Stab: Distracted        |       |       |     1 |     5 |    10 |     7 |     2 ||    25
       Invisible         |       |       |       |    12 |       |     9 |       ||    21
  Eat: Bread ration      |       |       |     1 |       |       |       |       ||     1
       Meat ration       |       |       |       |     2 |     2 |     3 |       ||     7
Armor: Scale mail        |    11 |     3 |     7 |    19 |       |       |       ||    40
       Plate armour      |       |       |       |    38 |   124 |    60 |     8 ||   230
Dodge: Dodged            |     7 |     4 |    13 |    25 |   122 |   123 |    19 ||   313
Block: Shield            |    24 |     5 |    38 |   143 |   359 |   169 |       ||   738
       Reflection        |       |       |       |     4 |     9 |     9 |       ||    22
       Large shield      |       |       |       |       |       |   169 |    70 ||   239
       Rpst.: Demon blade |       |       |       |     3 |    14 |     8 |     2 ||    27

Table legend:
 A = Spawn XP
 B = Non-spawn XP
 C = Spawn XP percentage of total XP
 D = Spawn monster count
 E = Non-spawn monster count
 F = Spawn count percentage of total count
 G = Total turns spent on level
                    A         B        C        D         E        F      G
               +---------+---------+-------+---------+---------+-------+---------
         Total |       0 |  449097 |   0.0 |       0 |     388 |   0.0 |  9438
               +---------+---------+-------+---------+---------+-------+---------
             D |       0 |  449097 |   0.0 |       0 |     388 |   0.0 |  9438
               +---------+---------+-------+---------+---------+-------+---------
